[Event "42nd Olympiad Baku 2016 Open"]
[Site "Baku"]
[Date "2016.09.06"]
[Round "5.26"]
[White "Ayyad, Maher"]
[Black "Almedina Ortiz, Edgardo J"]
[Result "0-1"]
[ECO "E63"]
[WhiteElo "2076"]
[BlackElo "2215"]
[Annotator ""]
[PlyCount "112"]
[EventDate "2016.??.??"]
[EventType "team-tourn"]
[EventCountry "AZE"]
[SourceTitle "playchess.com"]
[Source "ChessBase"]
[WhiteTeam "Brunei"]
[BlackTeam "Puerto Rico"]
[WhiteTeamCountry "BRN"]
[BlackTeamCountry "PUR"]
[TimeControl "40/5400+30:1800+30"]

1. d4 {(00:00)} Nf6 {(00:00)} 2. Nf3 {(00:00)} g6 {
(00:00)} 3. g3 {(00:00)} Bg7 {(00:00)} 4. Bg2 {(00:
00)} O-O {(00:00)} 5. O-O {(00:00)} d6 {(00:00)} 6. c4 {
(00:02)} Nc6 {(00:00)} 7. Nc3 {(00:18)} a6 {(00:03]
} 8. Qc2 {(00:15)} Bf5 {(04:07)} 9. Qb3 {(06:23)} Rb8 {
(00:50)} 10. h3 {(01:06)} Ne4 {(01:36)} 11. Rd1 {(
08:39)} Qc8 {(10:07)} 12. Nxe4 {(05:32)} Bxe4 {(01:03)}
13. Be3 {(04:53)} e5 {(12:49)} 14. dxe5 {(00:31)} dxe5 {
(00:05)} 15. h4 {(01:25)} Re8 {(17:37)} 16. c5 {(
05:15)} Qf5 {(07:56)} 17. Rd2 {(01:11)} Nd4 {(01:23)} 18.
Nxd4 {(02:54)} exd4 {(00:11)} 19. Bxd4 {(00:02)} Bxg2 {
(00:35)} 20. Kxg2 {(00:50)} Bxd4 {(05:07)} 21. Rxd4 {
(00:54)} Rxe2 {(03:11)} 22. Rf4 {(00:12)} Qd7 {(00:
14)} 23. Rd1 {(01:15)} Qc6+ {(00:03)} 24. Qd5 {(01:56)}
Qxd5+ {(12:08)} 25. Rxd5 {(00:03)} Rbe8 {(00:08)} 26. Rd7
{(01:21)} R8e7 {(00:15)} 27. Rfd4 {(00:29)} Kf8 {(
02:27)} 28. Rxe7 {(03:11)} Kxe7 {(01:28)} 29. Rb4 {(00:12]
} Rc2 {(00:07)} 30. Rxb7 {(00:17)} Rxc5 {(00:03)} 31. b4 {
(00:30)} Rc4 {(03:21)} 32. Ra7 {(02:40)} Rc6 {(02:
53)} 33. a4 {(00:56)} Kd7 {(00:31)} 34. Ra8 {(00:47)} h5 {
(00:44)} 35. Kf3 {(01:12)} Rb6 {(01:39)} 36. Ke3 {(
00:29)} Ke6 {(00:32)} 37. b5 {(02:40)} axb5 {(03:36)} 38.
a5 {(00:15)} Rc6 {(00:17)} 39. Rb8 {(00:25)} Rc5 {(
05:19)} 40. Kd3 {(00:00)} b4 {(00:00)} 41. a6 {(11:14)}
Ra5 {(06:20)} 42. Ra8 {(00:33)} Kd5 {(03:28)} 43. a7 {
(12:10)} Ra3+ {(01:08)} 44. Kc2 {(00:10)} Kc4 {(07:
15)} 45. Kb2 {(01:14)} Kc5 {(05:24)} 46. f3 {(02:57)} Kb6
{(01:19)} 47. Rf8 {(00:13)} Rxa7 {(01:27)} 48. Rxf7 {
(00:06)} Ra3 {(02:02)} 49. g4 {(04:24)} hxg4 {(00:
53)} 50. fxg4 {(00:03)} Rh3 {(00:10)} 51. Rh7 {(01:46)} c5
{(00:50)} 52. Rh8 {(00:15)} Kb5 {(00:29)} 53. h5 {(
00:24)} gxh5 {(00:08)} 54. gxh5 {(00:02)} Kc4 {(00:33)}
55. h6 {(00:06)} Rh2+ {(00:08)} 56. Kc1 {(01:24)} Kc3 {
(00:27)} 0-1

[Event "42nd Olympiad Baku 2016 Open"]
[Site "Baku"]
[Date "2016.09.06"]
[Round "5.26"]
[White "Babarykin, Stanislav"]
[Black "Obodchuk, Andrei"]
[Result "1-0"]
[ECO "B40"]
[WhiteElo "2339"]
[BlackElo "2402"]
[Annotator ""]
[PlyCount "125"]
[EventDate "2016.??.??"]
[EventType "team-tourn"]
[EventCountry "AZE"]
[SourceTitle "playchess.com"]
[Source "ChessBase"]
[WhiteTeam "IBCA"]
[BlackTeam "IPCA"]
[WhiteTeamCountry "RUS"]
[BlackTeamCountry "RUS"]
[TimeControl "40/5400+30:1800+30"]

1. e4 {(00:00)} c5 2. Nf3 {(00:10)} e6 {(00:40)} 3. g3 Nc6
{(01:35)} 4. Bg2 {(00:55)} Nf6 {(00:39)} 5. Qe2 {(
00:22)} e5 {(01:12)} 6. O-O {(00:39)} Be7 {(00:58)} 7. c3
{(02:14)} O-O {(03:53)} 8. Na3 {(01:26)} d5 {(11:
43)} 9. exd5 {(01:20)} Qxd5 {(00:23)} 10. d3 {(11:39)} Bg4
{(12:28)} 11. Nc4 {(08:49)} Qd7 {(15:21)} 12. Re1 {
(10:15)} Rfe8 {(09:53)} 13. Ncxe5 Nxe5 {(00:17)} 14. Nxe5
{(01:02)} Bxe2 {(00:09)} 15. Nxd7 {(00:32)} Bxd3 {(
00:11)} 16. Bxb7 {(05:13)} Rad8 {(02:49)} 17. Ne5 {(18:18]
} Bf5 {(03:18)} 18. Bc6 Rf8 {(00:15)} 19. Bg2 {(01:57)}
Bd6 {(01:53)} 20. Nc4 {(17:04)} Bc7 {(01:26)} 21. Be3 {
(00:45)} Be6 {(00:49)} 22. Bf1 {(07:18)} Nd7 {(01:
07)} 23. Bg5 {(00:37)} Rb8 {(00:38)} 24. b3 h6 {(07:25)}
25. Be7 {(01:57)} Rfe8 {(00:28)} 26. Bd6 {(00:17)} Bxd6 {
(00:22)} 27. Nxd6 {(00:18)} Red8 {(00:03)} 28. Rad1 {
(02:09)} Nf6 {(01:41)} 29. Bc4 {(02:41)} Bxc4 {(00:
35)} 30. Nxc4 {(00:13)} Nd5 {(00:37)} 31. Rc1 Nb6 {(00:22]
} 32. Ne5 {(04:31)} Rd2 {(00:51)} 33. Nc6 {(00:33)} Rb7 {
(00:44)} 34. Rcd1 {(00:28)} Rxa2 {(02:15)} 35. Rd8+ {
(00:50)} Kh7 {(00:02)} 36. Ree8 {(00:30)} g6 {(00:
20)} 37. Ne5 {(00:53)} Re2 {(11:09)} 38. Kf1 {(00:24)} Re4
{(00:02)} 39. f3 {(00:14)} Rxe5 {(01:55)} 40. Rxe5 {
(00:00)} c4 {(00:00)} 41. b4 {(05:00)} Na4 {(01:13]
} 42. Re3 {(00:06)} Kg7 {(01:20)} 43. Rd4 {(01:39)} Nb6 {
(00:18)} 44. Ke2 {(00:23)} h5 {(00:30)} 45. Kd2 {(
02:45)} Rc7 {(00:34)} 46. Re5 {(01:19)} Kf6 {(00:20)} 47.
f4 {(00:56)} Rc6 {(02:37)} 48. Rc5 {(03:36)} Re6 {(
01:43)} 49. Rc7 {(00:25)} a6 {(00:31)} 50. Rd8 {(01:21)}
Kf5 {(00:27)} 51. Rxf7+ {(05:29)} Kg4 {(00:02)} 52. Rd4 {
(01:11)} Kf3 {(01:21)} 53. f5 {(00:35)} Re2+ {(00:
05)} 54. Kd1 {(00:11)} g5 {(00:05)} 55. Rd2 {(01:14)} Re3
{(00:16)} 56. Rb7 {(01:47)} Na4 {(00:15)} 57. f6 {(
00:10)} Kg4 {(01:00)} 58. f7 {(02:31)} Rf3 {(00:15)} 59.
Rd4+ {(00:49)} Kh3 {(00:08)} 60. Rf4 {(00:32)} gxf4 {
(00:42)} 61. f8=Q {(00:23)} Rd3+ {(01:00)} 62. Ke1 {
(00:50)} f3 {(00:10)} 63. Kf2 {(01:04)} 1-0

[Event "42nd Olympiad Baku 2016 Open"]
[Site "Baku"]
[Date "2016.09.06"]
[Round "5.20"]
[White "Babula, Vlastimil"]
[Black "Sebenik, Matej"]
[Result "1-0"]
[ECO "D37"]
[WhiteElo "2540"]
[BlackElo "2526"]
[Annotator ""]
[PlyCount "67"]
[EventDate "2016.??.??"]
[EventType "team-tourn"]
[EventCountry "AZE"]
[SourceTitle "playchess.com"]
[Source "ChessBase"]
[WhiteTeam "Czech Republic"]
[BlackTeam "Slovenia"]
[WhiteTeamCountry "CZE"]
[BlackTeamCountry "SLO"]
[TimeControl "40/5400+30:1800+30"]

1. d4 {(00:00)} Nf6 {(00:00)} 2. c4 {(00:00)} e6 {(
00:16)} 3. Nf3 {(00:14)} d5 {(00:27)} 4. Nc3 {(00:30)} Be7
{(00:05)} 5. Bf4 {(00:46)} O-O {(00:37)} 6. e3 {(
00:30)} c5 {(01:20)} 7. dxc5 {(00:50)} Bxc5 {(00:36)} 8.
Qc2 {(01:03)} Nc6 {(00:32)} 9. a3 {(00:53)} Qa5 {(
03:32)} 10. Rd1 {(03:11)} Re8 {(01:41)} 11. Nd2 {(17:40)}
e5 {(06:04)} 12. Bg5 {(10:25)} Nd4 {(02:01)} 13. Qb1 {
(03:38)} Bf5 {(01:00)} 14. Bd3 {(01:21)} Bxd3 {(02:
28)} 15. Qxd3 {(00:10)} Ne4 {(02:25)} 16. Ndxe4 {(11:19)}
dxe4 {(00:42)} 17. Qxe4 {(01:38)} Bxa3 {(28:47)} 18. O-O {
(03:36)} Bxb2 {(02:54)} 19. Nd5 {(01:39)} Ne2+ {(
14:26)} 20. Kh1 {(00:21)} Nc3 {(00:14)} 21. Nxc3 {(13:44)}
Qxc3 {(00:05)} 22. Rd7 {(00:57)} Rac8 {(00:33)} 23. Rxb7 {
(02:36)} Ba3 {(07:21)} 24. Rxa7 {(03:25)} Bf8 {(05:
29)} 25. Ra4 {(06:44)} h6 {(10:10)} 26. Bh4 {(01:02)} Bb4
{(01:23)} 27. c5 {(04:56)} Bxc5 {(00:32)} 28. Rc4 {
(00:33)} Qd2 {(02:44)} 29. Qg4 {(04:44)} Qd3 {(05:
27)} 30. Rd1 {(01:22)} Qb3 {(00:36)} 31. Rdc1 {(01:41)}
Qb6 {(00:27)} 32. Be7 {(02:05)} h5 {(00:34)} 33. Qd7 {
(01:26)} Qb2 {(00:26)} 34. R4c2 {(01:07)} 1-0

[Event "42nd Olympiad Baku 2016 Open"]
[Site "Baku"]
[Date "2016.09.06"]
[Round "5.17"]
[White "Bah, Ebrima"]
[Black "Mdoe, Yusuf"]
[Result "1-0"]
[ECO "C00"]
[WhiteElo "2054"]
[BlackElo "1758"]
[Annotator ""]
[PlyCount "81"]
[EventDate "2016.??.??"]
[EventType "team-tourn"]
[EventCountry "AZE"]
[SourceTitle "playchess.com"]
[Source "ChessBase"]
[WhiteTeam "Gambia"]
[BlackTeam "Tanzania"]
[WhiteTeamCountry "GAM"]
[BlackTeamCountry "TAN"]
[TimeControl "40/5400+30:1800+30"]

1. e4 e6 {(00:35)} 2. d4 {(00:00)} d6 {(01:16)} 3. Bd3 {
(00:19)} Nf6 {(00:26)} 4. f4 {(01:32)} Be7 {(00:23]
} 5. Nf3 {(00:29)} c5 {(00:53)} 6. c3 {(00:57)} cxd4 {
(01:09)} 7. cxd4 {(00:23)} Qa5+ {(00:29)} 8. Nc3 {(
00:43)} Nc6 {(04:25)} 9. O-O {(01:07)} a6 {(00:23)} 10. a3
{(01:32)} b5 {(00:16)} 11. e5 {(01:42)} dxe5 {(02:
41)} 12. fxe5 {(00:14)} Nd7 {(01:04)} 13. Be4 {(03:47)}
Bb7 {(01:09)} 14. Bg5 {(01:07)} Qb6 {(09:16)} 15. Kh1 {
(01:58)} h6 {(01:01)} 16. Be3 {(01:51)} Rd8 {(01:
08)} 17. Qe2 {(00:58)} Qc7 {(02:44)} 18. Rac1 {(01:25)}
Qb8 {(00:25)} 19. Bf4 {(02:25)} Na5 {(01:27)} 20. d5 exd5
{(12:48)} 21. Nxd5 {(02:10)} Bxd5 {(04:16)} 22. Bxd5 Nb6
23. Ba2 {(03:17)} Nd5 {(05:28)} 24. Bg3 {(01:15)} Qb6 {
(03:04)} 25. Qe4 {(01:31)} Nc4 {(08:46)} 26. Bxc4 {
(04:16)} bxc4 {(00:18)} 27. Rxc4 {(01:20)} Qxb2 {(
01:09)} 28. Rd4 {(01:29)} Nc7 {(04:48)} 29. Qc6+ {(02:35)}
Kf8 {(00:30)} 30. Rxd8+ {(02:13)} Bxd8 {(01:14)} 31. Qd6+
{(00:22)} Ke8 {(03:34)} 32. Nd4 {(04:16)} Qb7 {(03:
39)} 33. e6 {(01:36)} Nxe6 {(12:45)} 34. Nxe6 {(00:32)}
Be7 {(00:49)} 35. Nxg7+ {(02:08)} Kf8 {(01:04)} 36. Qe6 {
(02:20)} Bxa3 {(02:59)} 37. Qe8+ {(01:01)} Kxg7 {(
02:23)} 38. Be5+ {(00:05)} Kg6 {(01:39)} 39. Qxh8 {(03:23]
} f5 {(03:25)} 40. Qf6+ {(00:31)} Kh7 {(00:21)} 41. Qxf5+
{(00:47)} 1-0

[Event "42nd Olympiad Baku 2016 Open"]
[Site "Baku"]
[Date "2016.09.06"]
[Round "5.4"]
[White "Balogh, Csaba"]
[Black "Sveshnikov, Vladimir"]
[Result "1-0"]
[ECO "B31"]
[WhiteElo "2614"]
[BlackElo "2404"]
[Annotator ""]
[PlyCount "61"]
[EventDate "2016.??.??"]
[EventType "team-tourn"]
[EventCountry "AZE"]
[SourceTitle "playchess.com"]
[Source "ChessBase"]
[WhiteTeam "Hungary"]
[BlackTeam "Latvia"]
[WhiteTeamCountry "HUN"]
[BlackTeamCountry "LAT"]
[TimeControl "40/5400+30:1800+30"]

1. e4 {(00:00)} c5 {(00:00)} 2. Nf3 {(00:02)} Nc6 {
(00:00)} 3. Bb5 {(01:08)} g6 {(02:18)} 4. Bxc6 {(
00:31)} bxc6 {(00:05)} 5. O-O {(00:38)} Bg7 {(00:05)} 6.
Re1 {(00:33)} Nh6 {(00:08)} 7. c3 {(02:53)} O-O {(
00:18)} 8. d4 {(03:40)} Qb6 {(06:24)} 9. h3 {(07:19)} cxd4
{(44:55)} 10. cxd4 {(00:29)} f6 {(14:00)} 11. b3 {(
08:07)} Nf7 {(00:55)} 12. Nbd2 {(03:13)} Ba6 {(02:15)} 13.
Bb2 {(01:39)} Rac8 {(03:42)} 14. Rc1 {(04:12)} d6 {
(04:47)} 15. Qc2 {(03:33)} Rfd8 {(00:43)} 16. Bc3 {
(11:49)} c5 {(01:39)} 17. d5 {(00:36)} Bh6 {(01:00]
} 18. Rb1 {(03:59)} Bxd2 {(04:00)} 19. Nxd2 {(12:10)} Ne5
{(00:25)} 20. Re3 {(00:15)} Rb8 {(03:29)} 21. Rg3 {
(09:33)} Bb5 {(02:23)} 22. a4 {(07:38)} Ba6 {(00:
26)} 23. f4 {(01:10)} Nf7 {(00:03)} 24. Kh2 {(00:32)} Rd7
{(02:30)} 25. Re1 {(00:23)} Qc7 {(01:20)} 26. Qd1 {
(01:14)} Rdd8 {(00:33)} 27. f5 {(02:21)} g5 {(00:
05)} 28. Qh5 {(00:18)} Qd7 {(01:02)} 29. h4 {(00:09)} Qe8
{(00:06)} 30. hxg5 {(00:28)} Nxg5 {(00:08)} 31. Rxg5+ {
(00:07)} 1-0

[Event "42nd Olympiad Baku 2016 Open"]
[Site "Baku"]
[Date "2016.09.06"]
[Round "5.3"]
[White "Barbosa, Evandro Amorim"]
[Black "Kazhgaleyev, Murtas"]
[Result "0-1"]
[ECO "C77"]
[WhiteElo "2509"]
[BlackElo "2594"]
[Annotator ""]
[PlyCount "108"]
[EventDate "2016.??.??"]
[EventType "team-tourn"]
[EventCountry "AZE"]
[SourceTitle "playchess.com"]
[Source "ChessBase"]
[WhiteTeam "Brazil"]
[BlackTeam "Kazakhstan"]
[WhiteTeamCountry "BRA"]
[BlackTeamCountry "KAZ"]
[TimeControl "40/5400+30:1800+30"]

1. e4 {(00:00)} e5 {(00:00)} 2. Nf3 {(00:00)} Nc6 {
(00:00)} 3. Bb5 {(00:07)} a6 {(00:00)} 4. Ba4 {(00:
11)} Nf6 {(00:00)} 5. d3 {(00:29)} d6 {(02:19)} 6. c3 {
(00:26)} Be7 {(00:48)} 7. O-O {(00:43)} O-O {(00:
53)} 8. Nbd2 {(00:19)} Re8 {(00:41)} 9. Re1 {(00:33)} Bf8
{(00:04)} 10. Nf1 {(02:02)} h6 {(03:50)} 11. Ng3 {(
00:53)} b5 {(00:11)} 12. Bb3 {(00:28)} Na5 {(00:27)} 13.
Bc2 {(00:07)} c5 {(00:06)} 14. d4 {(05:08)} Nc6 {(
07:17)} 15. d5 {(02:37)} Ne7 {(02:28)} 16. a4 {(00:14)}
Bd7 {(02:21)} 17. b4 {(01:29)} c4 {(00:33)} 18. h3 {
(04:00)} Ng6 {(07:37)} 19. Be3 {(04:49)} Nh7 {(08:
25)} 20. Qd2 {(01:29)} Nh4 {(04:11)} 21. Nxh4 {(13:22)}
Qxh4 {(00:04)} 22. Nf5 {(17:09)} Bxf5 {(10:19)} 23. exf5 {
(00:07)} Be7 {(00:54)} 24. Qe2 {(03:05)} Bg5 {(04:
02)} 25. Bb6 {(02:15)} Nf6 {(07:58)} 26. Be4 {(14:43)} Bd2
{(03:37)} 27. Qxd2 {(02:51)} Nxe4 {(00:13)} 28. Qc2 {
(00:37)} Nf6 {(02:00)} 29. Rad1 {(01:55)} e4 {(05:
52)} 30. Bd4 {(12:09)} Nxd5 {(04:02)} 31. g3 {(01:10)} Qh5
{(07:25)} 32. Bxg7 {(02:14)} Nf4 {(00:23)} 33. gxf4 {
(00:15)} Kxg7 {(00:06)} 34. Rd5 {(02:55)} Kh8 {(05:
36)} 35. Re3 {(01:30)} Qh4 {(01:21)} 36. Qd2 {(01:19)}
bxa4 {(04:20)} 37. Rxd6 {(01:00)} a3 {(03:53)} 38. Qd4+ {
(01:48)} Kh7 {(00:26)} 39. Rg3 {(00:49)} Rg8 {(00:
16)} 40. Rdg6 {(00:00)} Qxg3+ {(00:00)} 41. Rxg3 {(26:03)}
a2 {(03:09)} 42. Qd1 {(00:04)} Rad8 {(00:49)} 43. Qe1 {
(00:46)} Rxg3+ {(00:55)} 44. fxg3 {(00:01)} e3 {(
01:44)} 45. Kg2 {(00:16)} e2 {(11:53)} 46. f6 {(02:49)}
Re8 {(02:31)} 47. Kf2 {(01:32)} Kg6 {(01:28)} 48. g4 {
(01:21)} Kxf6 {(00:23)} 49. g5+ {(00:24)} hxg5 {(
01:28)} 50. fxg5+ {(00:05)} Kg6 {(01:20)} 51. h4 {(02:01)}
Kh5 {(01:00)} 52. b5 {(02:11)} axb5 {(01:46)} 53. g6 {
(00:50)} fxg6 {(00:26)} 54. Kg3 {(00:41)} a1=Q {(
00:29)} 0-1

[Event "42nd Olympiad Baku 2016 Open"]
[Site "Baku"]
[Date "2016.09.06"]
[Round "5.6"]
[White "Bashirli, Nail"]
[Black "Mandizha, Farai"]
[Result "0-1"]
[ECO "B87"]
[WhiteElo "2387"]
[BlackElo "2363"]
[Annotator ""]
[PlyCount "140"]
[EventDate "2016.??.??"]
[EventType "team-tourn"]
[EventCountry "AZE"]
[SourceTitle "playchess.com"]
[Source "ChessBase"]
[WhiteTeam "Azerbaijan"]
[BlackTeam "Zimbabwe"]
[WhiteTeamCountry "AZE"]
[BlackTeamCountry "ZIM"]
[TimeControl "40/5400+30:1800+30"]

1. e4 {(00:00)} c5 {(00:00)} 2. Nf3 {(00:00)} d6 {(
00:00)} 3. d4 {(00:00)} cxd4 {(00:00)} 4. Nxd4 {(00:00)}
Nf6 {(00:00)} 5. Nc3 {(00:03)} a6 {(00:00)} 6. Bc4 {
(00:12)} e6 {(00:05)} 7. Bb3 {(00:03)} b5 {(00:13)}
8. O-O {(00:14)} Be7 {(00:05)} 9. Qf3 {(00:02)} Qb6 {
(00:44)} 10. Be3 {(00:26)} Qb7 {(00:09)} 11. Qg3 {(
00:15)} O-O {(04:57)} 12. Bh6 {(03:04)} Ne8 {(00:54)} 13.
Rad1 {(22:22)} Bd7 {(06:34)} 14. Rfe1 {(06:52)} Nc6 {
(02:16)} 15. Nxc6 {(02:06)} Bxc6 {(00:04)} 16. f3 {
(21:23)} a5 {(04:57)} 17. a3 {(00:11)} Rc8 {(03:41]
} 18. Bc1 {(09:24)} Bf6 {(12:33)} 19. Kh1 {(15:47)} a4 {
(07:35)} 20. Ba2 {(00:02)} b4 {(02:21)} 21. axb4 {(
02:04)} Qxb4 {(00:35)} 22. Re3 {(01:08)} Bb7 {(03:59)} 23.
Qe1 {(05:34)} Ba6 {(04:11)} 24. Bb1 {(05:31)} Nc7 {
(14:37)} 25. Na2 {(02:21)} Qb6 {(09:18)} 26. Nb4 {(
00:59)} Rfd8 {(02:29)} 27. Ra3 {(00:54)} Bb5 {(00:40)} 28.
c3 {(00:34)} d5 {(03:06)} 29. e5 {(00:26)} Be7 {(
00:31)} 30. Be3 {(00:03)} Qb7 {(03:35)} 31. Ra1 {(00:33)}
Ra8 {(01:46)} 32. Bc2 {(01:39)} Na6 {(03:10)} 33. Nxa6 {
(00:59)} Rxa6 {(00:02)} 34. Qg3 {(00:45)} Rc8 {(02:
10)} 35. Bh6 {(00:59)} g6 {(00:46)} 36. Bg5 {(00:13)} a3 {
(00:53)} 37. bxa3 {(00:30)} Rxc3 {(00:24)} 38. Bxe7 {
(00:46)} Qxe7 {(00:02)} 39. a4 Rxc2 {(02:27)} 40. axb5 {
(00:00)} Rxa1 {(00:00)} 41. Rxa1 {(00:34)} Rb2 {(
00:41)} 42. h4 {(01:52)} Rb4 {(01:56)} 43. f4 {(04:15)} h5
{(01:44)} 44. Rc1 {(19:07)} Rxb5 {(00:47)} 45. Rc8+ {
(02:25)} Kh7 {(02:18)} 46. Kh2 {(02:52)} Rb1 {(04:
46)} 47. Qf2 {(01:35)} Kg7 {(03:47)} 48. Ra8 {(00:50)} Qc7
{(01:50)} 49. Qe3 {(02:00)} Qc4 {(00:43)} 50. Ra3 {
(00:33)} Qf1 {(02:07)} 51. Ra2 {(00:30)} Rd1 {(01:
58)} 52. Rd2 {(00:26)} Re1 {(02:14)} 53. Qf2 {(00:18)}
Qh1+ {(00:19)} 54. Kg3 {(00:07)} Rb1 {(01:02)} 55. Rd3 {
(00:38)} Qc1 {(00:18)} 56. Qd2 {(00:09)} Qc4 {(00:
44)} 57. Qc3 {(01:04)} Qe4 {(00:24)} 58. Qd4 {(00:19)} Qf5
{(00:10)} 59. Kh2 {(00:19)} Qg4 {(01:15)} 60. Qf2 {
(00:06)} Rb4 {(00:15)} 61. Rf3 {(00:07)} Qf5 {(00:
36)} 62. Qd2 {(01:39)} Rc4 {(00:10)} 63. Qe3 {(00:24)} Re4
{(00:28)} 64. Qf2 {(00:49)} Rb4 {(02:12)} 65. Qd2 {
(00:15)} Rc4 {(00:24)} 66. Qe3 {(00:48)} Qb1 {(01:
47)} 67. Qa3 {(00:30)} Rc1 {(01:14)} 68. Kg3 {(00:25)} Rh1
{(00:34)} 69. Qe3 {(00:11)} Qf5 {(00:21)} 70. Qd4 {
(00:46)} Rxh4 {(00:56)} 0-1

[Event "42nd Olympiad Baku 2016 Open"]
[Site "Baku"]
[Date "2016.09.06"]
[Round "5.27"]
[White "Batchuluun, Tsegmed"]
[Black "Yilmaz, Mustafa"]
[Result "1/2-1/2"]
[ECO "A61"]
[WhiteElo "2513"]
[BlackElo "2616"]
[Annotator ""]
[PlyCount "79"]
[EventDate "2016.??.??"]
[EventType "team-tourn"]
[EventCountry "AZE"]
[SourceTitle "playchess.com"]
[Source "ChessBase"]
[WhiteTeam "Mongolia"]
[BlackTeam "Turkey"]
[WhiteTeamCountry "MGL"]
[BlackTeamCountry "TUR"]
[TimeControl "40/5400+30:1800+30"]

1. d4 {(00:00)} Nf6 {(00:00)} 2. c4 {(00:00)} e6 {(
00:00)} 3. Nf3 {(00:20)} c5 {(00:00)} 4. d5 {(00:05)} d6 {
(00:00)} 5. Nc3 {(00:06)} exd5 {(00:00)} 6. cxd5 {(
00:07)} g6 {(00:00)} 7. e4 {(00:29)} Bg7 {(00:07)} 8. h3 {
(00:26)} O-O {(00:12)} 9. Bd3 {(00:05)} Nbd7 {(01:
20)} 10. O-O {(00:27)} Nh5 {(01:48)} 11. Bg5 {(00:58)} Bf6
{(00:10)} 12. Be3 {(00:42)} Re8 {(01:46)} 13. Qd2 {
(02:47)} Ne5 {(09:57)} 14. Be2 {(04:37)} Nxf3+ {(
01:20)} 15. Bxf3 {(00:09)} Ng7 {(00:14)} 16. a4 {(02:01)}
Bd7 {(10:28)} 17. Nb5 {(16:00)} Qb6 {(25:19)} 18. Bf4 {
(05:14)} Bxb5 {(04:18)} 19. axb5 {(00:06)} a5 {(12:
38)} 20. bxa6 {(02:07)} Rxa6 {(00:21)} 21. Rxa6 {(00:54)}
Qxa6 {(02:25)} 22. b3 {(03:52)} b5 {(06:31)} 23. Rc1 {
(01:27)} b4 {(03:27)} 24. Be2 {(04:33)} Qb6 {(00:
49)} 25. Qd3 {(01:36)} Bd4 {(03:36)} 26. Qa6 {(07:05)}
Qxa6 {(00:36)} 27. Bxa6 {(00:05)} Rd8 {(02:17)} 28. Bd3 {
(00:54)} Nh5 {(02:30)} 29. Bh2 {(00:36)} g5 {(00:
35)} 30. Rc2 {(06:05)} Nf4 {(01:03)} 31. Bxf4 {(00:41)}
gxf4 {(00:03)} 32. Ra2 {(00:06)} Kg7 {(02:11)} 33. Kf1 {
(00:34)} Kf6 {(02:42)} 34. Ke2 {(01:53)} Rg8 {(01:
50)} 35. Kf3 {(00:25)} Be5 {(00:01)} 36. Ra7 {(00:24)} Rb8
{(00:54)} 37. Ba6 {(02:29)} Kg6 {(02:28)} 38. Bc4 {
(01:46)} Kf6 {(00:11)} 39. Ba6 {(00:15)} Kg6 {(00:
07)} 40. Bc4 {(00:00)} 1/2-1/2

[Event "42nd Olympiad Baku 2016 Open"]
[Site "Baku"]
[Date "2016.09.06"]
[Round "5.12"]
[White "Bauer, Christian"]
[Black "Franco Ocampos, Zenon"]
[Result "1/2-1/2"]
[ECO "B31"]
[WhiteElo "2623"]
[BlackElo "2496"]
[Annotator ""]
[PlyCount "113"]
[EventDate "2016.??.??"]
[EventType "team-tourn"]
[EventCountry "AZE"]
[SourceTitle "playchess.com"]
[Source "ChessBase"]
[WhiteTeam "France"]
[BlackTeam "Paraguay"]
[WhiteTeamCountry "FRA"]
[BlackTeamCountry "PAR"]
[TimeControl "40/5400+30:1800+30"]

1. e4 {(00:00)} c5 {(00:00)} 2. Nf3 {(00:07)} Nc6 {
(00:12)} 3. Bb5 {(00:08)} g6 {(00:59)} 4. Bxc6 {(
00:30)} dxc6 {(00:31)} 5. d3 {(00:13)} Bg7 {(00:05)} 6. h3
{(00:23)} e5 {(01:11)} 7. Nc3 {(02:24)} Qe7 {(01:
11)} 8. Be3 {(06:05)} Nf6 {(00:18)} 9. Qd2 {(00:32)} h6 {
(03:41)} 10. a3 {(10:50)} Nd7 {(02:10)} 11. O-O {(
02:39)} Nf8 {(01:55)} 12. b4 {(03:15)} Ne6 {(02:55)} 13.
bxc5 {(04:19)} Nd4 {(14:13)} 14. Bxd4 {(05:32)} exd4 {
(00:09)} 15. Ne2 {(03:01)} Qxc5 {(00:32)} 16. Qb4 {
(06:41)} Qe7 {(03:46)} 17. Rab1 {(15:17)} c5 {(03:
02)} 18. Qb5+ {(00:42)} Kf8 {(00:56)} 19. Qa5 {(10:18)}
Qd6 {(08:29)} 20. Nd2 {(14:16)} b6 {(02:27)} 21. Nc4 {
(00:04)} Qc6 {(00:47)} 22. Qd2 {(00:10)} Be6 {(05:
26)} 23. Nf4 {(00:23)} Bxc4 {(19:56)} 24. dxc4 {(00:01)}
Qxe4 {(01:08)} 25. Rfe1 {(03:04)} Qc6 {(00:28)} 26. Nd5 {
(02:05)} Bf6 {(01:29)} 27. Re4 {(06:30)} Kg7 {(00:
42)} 28. Rbe1 {(00:56)} Rae8 {(08:37)} 29. Qe2 {(02:58)}
Rxe4 {(01:18)} 30. Qxe4 {(00:01)} Rd8 {(01:17)} 31. g3 {
(00:39)} Rd6 {(01:03)} 32. Qe8 {(01:08)} Qxe8 {(01:
02)} 33. Rxe8 {(00:01)} Bd8 {(02:56)} 34. a4 {(00:31)} a6
{(02:22)} 35. Nf4 {(00:19)} b5 {(00:20)} 36. axb5 {
(00:27)} axb5 {(00:04)} 37. cxb5 {(00:04)} c4 {(00:
01)} 38. Kf1 {(01:06)} Bg5 {(05:05)} 39. Ke2 {(01:10)} Kf6
{(03:16)} 40. Rc8 {(00:00)} Bxf4 {(00:00)} 41. gxf4 {
(04:26)} d3+ {(05:12)} 42. Kd2 {(07:52)} dxc2+ {(
05:34)} 43. Kxc2 {(00:20)} Rd5 {(01:26)} 44. b6 {(01:45)}
Rb5 {(00:04)} 45. Rc6+ {(00:10)} Kf5 {(00:05)} 46. Kc3 {
(00:15)} Kxf4 {(00:09)} 47. Rxc4+ {(16:17)} Kf3 {(
00:42)} 48. Rb4 {(00:00)} Rc5+ {(00:08)} 49. Kd4 {(00:05)}
Rc8 {(00:07)} 50. Ke5 {(00:29)} Kxf2 {(02:08)} 51. Kf6 {
(00:47)} g5 {(01:27)} 52. Kxf7 {(02:41)} h5 {(00:
16)} 53. Ke6 {(01:50)} g4 {(00:22)} 54. hxg4 {(00:28)}
hxg4 {(00:05)} 55. Kd7 {(00:37)} Rb8 {(00:07)} 56. Kc7 {
(00:27)} Rxb6 {(00:10)} 57. Rxg4 {(00:27)} 1/2-1/2